 Dungeon Crawl Stone Soup version 0.30-a0-793-g160f7cfddd (webtiles) character file.

Game seed: 6949770915926140186

24880 barkas the Severer (level 13, -10/127 HPs)
             Began as a Naga Monk on Feb 19, 2023.
             Was a High Priest of Makhleb.
             Mangled by a seven-headed hydra (13 damage)
             ... on level 3 of the Lair of Beasts.
             The game lasted 00:26:37 (11987 turns).

barkas the Severer (Naga Monk)                     Turns: 11987, Time: 00:26:38

Health: -10/127    AC: 11    Str: 21    XL:     13   Next: 16%
Magic:  19/19      EV: 10    Int:  7    God:    Makhleb [*****.]
Gold:   617        SH:  5    Dex: 16    Spells: 12/12 levels left

rFire   . . .      SeeInvis +    b - +9 trident of the Six Planets {elec, Str+2 Int-3 Dex+2 Stlth+}
rCold   . . .      Faith    .    x - +0 buckler
rNeg    . . .      Spirit   .    H - +0 troll leather armour
rPois   +          Reflect  .    y - +0 helmet
rElec   .          Harm     .    (no cloak)
rCorr   .          Rampage  .    (no gloves)
Will    +....                    (no barding)
Stlth   +++++                    o - amulet of regeneration
HPRegen 2.01/turn                d - +4 ring of protection
MPRegen 0.16/turn                c - ring of flight

@: flying, very slow
A: AC +4, large, see invisible, deformed body, poison resistance, slowness 2,
spit poison 1, naga tail 2
a: Spit Poison, Renounce Religion, Minor Destruction, Lesser Servant of Makhleb,
Major Destruction, Greater Servant of Makhleb


You were on level 3 of the Lair of Beasts.
You worshipped Makhleb.
Makhleb was extremely pleased with you.
You visited 3 branches of the dungeon, and saw 15 of its levels.

You collected 715 gold pieces.
You spent 98 gold pieces at shops.

Inventory:

Hand Weapons
 a - a +1 war axe
 b - the +9 trident of the Six Planets (weapon) {elec, Str+2 Int-3 Dex+2 Stlth+}
   (You found it on level 2 of the Lair of Beasts)

   Str:       It affects your strength (+2).
   Int:       It affects your intelligence (-3).
   Dex:       It affects your dexterity (+2).
   Stlth:     It makes you more stealthy.
 D - a +0 battleaxe of venom
Missiles
 w - 28 poisoned darts
Armour
 x - a +0 buckler (worn)
 y - a +0 helmet (worn)
 H - a +0 troll leather armour (worn)
Magical Staves
 p - a staff of cold
Jewellery
 c - a ring of flight (right hand)
 d - a +4 ring of protection (left hand)
 o - an amulet of regeneration (around neck)
 r - an amulet of guardian spirit
 z - a ring of ice
 E - a ring of wizardry
Wands
 g - a wand of mindburst (1)
 u - a wand of charming (6)
 v - a wand of acid (8)
 J - a wand of digging (6)
Scrolls
 f - a scroll of poison
 h - a scroll of identify
 n - 2 scrolls of teleportation
 s - a scroll of acquirement
 G - a scroll of fog
Potions
 e - 6 potions of curing
 i - 3 potions of attraction
 j - a potion of resistance
 k - 4 potions of mutation
 l - 3 potions of flight
 m - 4 potions of might
 A - 2 potions of haste
 B - 2 potions of magic
 C - a potion of lignification {unknown}
Miscellaneous
 F - a phantom mirror


   Skills:
 + Level 11.6 Fighting
 * Level 15.7 Axes
 - Level 2.4 Dodging
 - Level 10.2 Stealth
 - Level 3.3 Shields
 + Level 8.4 Invocations


You had 12 spell levels left.
You didn't know any spells.
Your spell library contained the following spells:

 Spells                   Type           Power      Damage    Failure   Level
 Apportation              Tloc           0%         N/A       56%         1
 Freeze                   Ice            0%         1d3       56%         1
 Necrotise                Necr           0%         1d4       56%         1
 Sandblast                Erth           0%         2d4       56%         1
 Summon Small Mammal      Summ           0%         N/A       56%         1
 Passwall                 Tmut/Erth      0%         N/A       71%         2
 Call Canine Familiar     Summ           0%         N/A       90%         3
 Frozen Ramparts          Ice            0%         1d1       90%         3
 Hailstorm                Conj/Ice       0%         3d3       90%         3
 Portal Projectile        Hex/Tloc       0%         N/A       90%         3
 Stone Arrow              Conj/Erth      0%         3d7       90%         3
 Tukima's Dance           Hex            0%         N/A       90%         3
 Leda's Liquefaction      Hex/Erth       0%         N/A       100%        4
 Passage of Golubria      Tloc           0%         N/A       100%        4
 Yara's Violent Unravell  Hex/Tmut       0%         3d3       100%        5


Dungeon Overview and Level Annotations

Branches:
Dungeon (11/15)            Temple (1/1) D:5            Lair (3/5) D:10
  Swamp (0/4) Lair:3        Snake (0/4) Lair:3          Orc (0/2) D:9

Altars:
Ashenzari
Cheibriados
Dithmenos
Elyvilon
Fedhas
Gozag
Hepliaklqana
Kikubaaqudgha
Makhleb
Nemelex Xobeh
Okawaru
Qazlal
Ru
Sif Muna
Trog
Uskayaw
Vehumet
Wu Jian
Xom
Yredelemnul
Zin
The Shining One

Shops:
D:1 *   D:5 *

Annotations:
D:6 1 exclusion
Lair:1 1 exclusion
Lair:3 exclusions: salamander and 1 more exclusion


Innate Abilities, Weirdness & Mutations

Your serpentine skin is tough. (AC +4)
You have supernaturally acute eyesight. (SInv)
Armour fits poorly on your strangely shaped body.
Your system is resistant to poisons. (rPois)
You cover ground very slowly.
You can spit poison.
You can use your snake-like lower body to constrict enemies.


Message History

The seven-headed hydra completely misses you.
You block the seven-headed hydra's attack.
The seven-headed hydra bites you but does no damage. x2
The seven-headed hydra bites you!
You puncture the seven-headed hydra!
The seven-headed hydra is lightly wounded.
The swamp worm completely misses you.
The seven-headed hydra bites you but does no damage. x3
The seven-headed hydra bites you. x2
The seven-headed hydra bites you but does no damage.
The seven-headed hydra bites you! The swamp worm barely misses you.
Okay, then.
Okay, then.
Okay, then.
Okay, then.
Unknown command.
Okay, then.
As you read the scroll labelled JEMEEHI ZOYQIARI, it crumbles to dust.
You feel aware of your surroundings.
It was a scroll of magic mapping.
The seven-headed hydra bites you. x2; The seven-headed hydra misses you.
The seven-headed hydra bites you.
The seven-headed hydra barely misses you.
You block the seven-headed hydra's attack.
The seven-headed hydra completely misses you.
The swamp worm barely misses you.
Okay, then.
As you read the scroll labelled WIXEEMPEQI, it crumbles to dust.
Your body is wracked with pain!
* * * LOW HITPOINT WARNING * * *
The swamp worm convulses!
The seven-headed hydra convulses!
It was a scroll of torment.
The swamp worm bites you!
* * * LOW HITPOINT WARNING * * *
The seven-headed hydra bites you!
* * * LOW HITPOINT WARNING * * *
The seven-headed hydra misses you.
The seven-headed hydra barely misses you.
The seven-headed hydra bites you!
* * * LOW HITPOINT WARNING * * *
The seven-headed hydra bites you!
You die...

....,***** *>~~****,,***,,,,,,
....,,,* ****♣..§,,***,,,,,,
....,,****##*** **.§.♣♣♣**,,,,,,,
....,,*,*.#P#,***,..§~~≈***,,,,,,
....,..........,*♣~§~≈≈~~**,,,,,,
....,..........**≈~~~~~≈~**,,,,,,
....,,........♣♣,..~~~~~~**,,,,,,
....,,,........♣♣D.♣♣♣♣♣***,,,,,,
...#**,,#.......@†..>...,,,,,,,,,
..## ****#.......w......,,,,,,,,,
...# #..............,^,,,,,,,
..P# #..............,,,,,,,,,
...# ##...##.P.#.P..*,,,,,,,,
..## #....###..#####,,,,,,,,, ..#
##...# *### **,,,,,,,, ,,* #P...#
*,,,,,,,, ..#* ##...# *,,*,***,


You could see a seven-headed hydra and a swamp worm.

Vanquished Creatures
  A hydra (Lair:3)
  2 two-headed ogres (D:10)
  10 elephants
  A cane toad (Lair:2)
  2 gargoyles (D:11)
  An unseen horror (D:7)
  A rime drake (Lair:2)
  3 komodo dragons
  3 kobold demonologists (D:11)
  4 trolls
  A polar bear (Lair:2)
  2 hornets
  Grinder (D:3)
  5 blink frogs (Lair:3)
  A shadow (D:9)
  4 wyverns
  5 basilisks
  37 yaks
  A steam dragon (D:8)
  2 vampire mosquitoes (D:10)
  A swamp worm (Lair:3)
  10 water moccasins
  An orc warrior (D:9)
  2 sky beasts
  2 black bears
  An ogre (D:4)
  4 centaurs
  19 wolves
  5 kobold brigands
  13 bullfrogs
  3 gnoll sergeants
  4 scorpions
  3 wights (D:8)
  3 electric eels (D:10)
  3 howler monkeys (D:9)
  2 gnoll boudas
  6 hounds
  An orc priest (D:7)
  Jessica (D:3)
  5 iguanas
  5 orc wizards
  A mummy (D:9)
  21 gnolls
  12 adders
  3 ufetubi
  2 worms
  3 dart slugs
  46 orcs
  7 bats
  7 endoplasms
  16 giant cockroaches
  9 goblins
  7 hobgoblins
  4 jackals (D:2)
  20 kobolds
  4 quokkas
  9 ball pythons
  4 frilled lizards
  5 rats
361 creatures vanquished.

Vanquished Creatures (collateral kills)
  A deep troll (Lair:1)
  3 gnolls (D:9)
4 creatures vanquished.

Vanquished Creatures (others)
  7 fungi
  6 plants
13 creatures vanquished.

Grand Total: 378 creatures vanquished

Notes
Turn   | Place    | Note
-------+----------+-------------------------------------------
     0 | D:1      | barkas the Naga Monk began the quest for the Orb.
     0 | D:1      | Reached XP level 1. HP: 21/21 MP: 1/1
    47 | D:1      | Found Qoig's Assorted Antiques.
   255 | D:1      | Reached XP level 2. HP: 24/28 MP: 2/2
   585 | D:1      | Reached XP level 3. HP: 30/34 MP: 3/3
   990 | D:1      | Bought a purple potion for 19 gold pieces
   990 | D:1      | Bought an inky potion for 19 gold pieces
   990 | D:1      | Bought a red potion for 19 gold pieces
   990 | D:1      | Bought a fuming red potion for 19 gold pieces
   990 | D:1      | Bought a scroll labelled OHARUS NISIUF for 22 gold pieces
  1325 | D:2      | Found a glowing silver altar of Zin.
  1334 | D:2      | Reached skill level 4 in Axes
  1334 | D:2      | Reached XP level 4. HP: 42/42 MP: 4/4
  1865 | D:3      | Noticed Grinder
  1968 | D:4      | Noticed a black bear
  1978 | D:4      | Killed a black bear
  1979 | D:4      | Reached skill level 5 in Stealth
  1979 | D:4      | Reached XP level 5. HP: 40/50 MP: 5/5
  2193 | D:4      | Reached skill level 5 in Axes
  2193 | D:4      | Reached XP level 6. HP: 54/57 MP: 6/6
  2846 | D:5      | Entered Level 5 of the Dungeon
  2884 | D:5      | Identified a scroll of acquirement
  2969 | D:5      | Reached XP level 7. HP: 66/66 MP: 7/7
  3015 | D:5      | Found Udokhlub's General Store.
  3215 | D:5      | Reached skill level 6 in Axes
  3365 | D:5      | Found a staircase to the Ecumenical Temple.
  3372 | Temple   | Entered the Ecumenical Temple
  3569 | Temple   | Became a worshipper of Makhleb the Destroyer
  3569 | Temple   | Reached * piety under Makhleb
  3569 | Temple   | Reached ** piety under Makhleb
  3661 | D:5      | Found a white marble altar of Elyvilon.
  3667 | D:5      | Found a broken altar of Ashenzari.
  3667 | D:5      | Found an iron altar of Okawaru.
  3900 | D:3      | Paralysed by Grinder for 3 turns
  3910 | D:3      | Paralysed by Grinder for 3 turns
  3924 | D:3      | Killed Grinder
  3925 | D:3      | Reached skill level 5 in Fighting
  3925 | D:3      | Reached skill level 1 in Invocations
  4142 | D:3      | Noticed Jessica
  4153 | D:3      | Reached XP level 8. HP: 74/74 MP: 9/9
  4157 | D:3      | Killed Jessica
  4188 | D:3      | Found an opulent altar of Gozag.
  4204 | D:3      | Found a shadowy altar of Dithmenos.
  4645 | D:6      | Reached skill level 7 in Axes
  4911 | D:6      | Found a stormy altar of Qazlal.
  5046 | D:6      | Noticed a cyan ugly thing
  5251 | D:7      | Reached skill level 1 in Shields
  5342 | D:7      | Reached skill level 8 in Axes
  5342 | D:7      | Reached XP level 9. HP: 40/82 MP: 11/11
  5395 | D:7      | Noticed an unseen horror
  5425 | D:7      | Killed an unseen horror
  5433 | D:7      | Reached *** piety under Makhleb
  5681 | D:8      | Noticed a hornet
  5854 | D:7      | Reached skill level 9 in Axes
  6004 | D:8      | Paralysed by a hornet for 3 turns
  6008 | D:8      | Killed a hornet
  6009 | D:8      | Reached skill level 5 in Invocations
  6018 | D:8      | Reached skill level 10 in Stealth
  6131 | D:8      | Reached XP level 10. HP: 92/92 MP: 13/13
  6699 | D:9      | Found an ornate altar of the Wu Jian Council.
  6991 | D:9      | Reached **** piety under Makhleb
  7014 | D:9      | Found a staircase to the Orcish Mines.
  7175 | D:9      | Reached skill level 10 in Axes
  7363 | D:9      | Found a snail-covered altar of Cheibriados.
  7427 | D:10     | Entered Level 10 of the Dungeon
  7488 | D:10     | Noticed a two-headed ogre
  7494 | D:10     | Killed a two-headed ogre
  7609 | D:10     | Reached skill level 11 in Axes
  7653 | D:10     | Reached XP level 11. HP: 45/104 MP: 14/14
  7791 | D:10     | Noticed a two-headed ogre
  7796 | D:10     | Killed a two-headed ogre
  7797 | D:10     | Reached skill level 12 in Axes
  7870 | D:10     | Found a staircase to the Lair.
  8056 | D:10     | Found a hazy altar of Hepliaklqana.
  8067 | D:10     | Found a bloodstained altar of Trog.
  8138 | D:10     | Found a shimmering altar of Xom.
  8160 | D:10     | Reached ***** piety under Makhleb
  8695 | D:11     | Reached skill level 13 in Axes
  9136 | D:11     | Reached skill level 10 in Fighting
  9637 | Lair:1   | Entered Level 1 of the Lair of Beasts
  9902 | Lair:1   | Reached XP level 12. HP: 41/116 MP: 16/16
  9905 | Lair:1   | HP: 5/116 [elephant (12)]
  9905 | Lair:1   | HP: 1/116 [elephant (4)]
  9913 | Lair:1   | Reached skill level 14 in Axes
 10874 | Lair:1   | Reached skill level 15 in Axes
 11264 | Lair:2   | Gained mutation: You can use your snake-like lower body to
                  | constrict enemies. [Naga growth]
 11264 | Lair:2   | Reached XP level 13. HP: 127/127 MP: 19/19
 11302 | Lair:2   | Identified the +6 sling "Atanygou" {freeze, rF- rCorr Str+6
                  | Stlth+}
 11441 | Lair:2   | Identified the +9 trident of the Six Planets {elec, Str+2
                  | Int-3 Dex+2 Stlth+}
 11951 | Lair:3   | Found a staircase to the Snake Pit.
 11987 | Lair:3   | HP: 3/127 [seven-headed hydra (11)]
 11987 | Lair:3   | Mangled by a seven-headed hydra

Illustrated notes

Levels and vault maps discovered:
D:1:      ncdulo_wetmaze, layout_loops_ring, serial_shops,
          nicolae_shop_waterfront
D:2:      minmay_roachtagon, layout_basic, basic_altar, due_unseen_surprise
D:3:      layout_loops_ring, nicolae_overflow_squiral, reono_crystal_passage,
          hangedman_decor_slide_cut, hangedman_decor_clover_reticule,
          wad_orctagon, uniq_grinder, uniq_jessica
D:4:      layout_gridville
D:5:      layout_gridville, gammafunk_temple_overflow_forgotten,
          minmay_temple_entry_drinking_statues, serial_shops,
          nicolae_shop_trees, minmay_misc_feat_nine_boxes
D:6:      layout_basic, mainiacjoe_overflow_tiny_flanked, minmay_three_doors
D:7:      layout_rooms
D:8:      layout_rooms
D:9:      layout_basic, slow_altar_2, nzn_wu_jian_contemplation,
          hiddenorc1_lemuel
D:10:     layout_roguey, amethyst_overflow_temple_binary,
          mainiacjoe_overflow_six_doors_small, erik_lair_island, enter_bailey_4,
          kennysheep_small_spiral, kb_lookout_dungeons_type
D:11:     layout_basic, chequers_serial_rivers_micro_c
Temple:   grunt_temple_mini_profane
Lair:1:   dreamdust_cave_troll, layout_long_grid, beast_lair_carwin_2
Lair:2:   layout_regular_city, serial_bayou_shore_a
Lair:3:   layout_chaotic_city, palyth_hydra_swamp_entry,
          nicolae_snake_entry_warm_welcome

Skill      XL: |  1  2  3  4  5  6  7  8  9 10 11 12 |
---------------+-------------------------------------+-----
Stealth        | 4 5 6 7 8 10 | 10.2
Axes           | 4 5 6 8 9 11 13 15 | 15.7
Fighting       | 4 5 6 8 10 11 | 11.6
Invocations    | 1 3 5 8 |  8.4
Shields        | 1 3 |  3.3
Dodging        | |  2.4

Action                     |  1- 3 |  4- 6 |  7- 9 | 10-12 | 13-15 || total
---------------------------+-------+-------+-------+-------+-------++-------
  Melee: Hand axe          |    86 |   138 |   320 |    33 |       ||   577
         Punch             |       |     2 |     1 |       |       ||     3
         Battleaxe         |       |       |       |   438 |       ||   438
         War axe           |       |       |       |    39 |    43 ||    82
         Constrict         |       |       |       |       |    13 ||    13
         Trident           |       |       |       |       |     7 ||     7
 Invoke: Minor Destruction |       |       |    40 |   116 |    12 ||   168
         Lesser Servant of |       |       |       |     1 |       ||     1
Ability: Spit Poison       |    27 |    26 |    66 |    22 |     3 ||   144
  Evoke: Wand              |       |       |     2 |     2 |       ||     4
    Use: Scroll            |       |    13 |     2 |     7 |     2 ||    24
         Potion            |       |     1 |     3 |     5 |       ||     9
   Stab: Sleeping          |     2 |     3 |     3 |     3 |     1 ||    12
         Invisible         |       |       |     2 |       |       ||     2
         Distracted        |       |       |       |     1 |       ||     1
 Armour: Robe              |    23 |   104 |   143 |    80 |       ||   350
         Troll leather arm |       |       |       |   195 |    20 ||   215
  Dodge: Dodged            |    51 |   103 |   192 |   354 |    33 ||   733
  Block: Buckler           |       |       |    43 |    17 |    12 ||    72

Table legend: (Time is in decaauts)
 A = Elapsed time spent in this place.
 B = Non-inter-level travel time spent in this place.
 C = Inter-level travel time spent in this place.
 D = Time resting spent in this place.
 E = Time spent auto-exploring this place.
 F = Levels seen in this place.
 G = Mean time per level.
                   A        B        C        D        E       F      G
               +--------+--------+--------+--------+--------+-----+--------+
         Total |  15428 |  14128 |   1300 |    747 |   9820 |  15 | 1028.5 |
       Dungeon |  12413 |  11299 |   1114 |    662 |   7640 |  11 | 1128.5 |
        Temple |    283 |    252 |     31 |      0 |    249 |   1 |  283.0 |
          Lair |   2731 |   2577 |    154 |     85 |   1931 |   3 |  910.3 |
               +--------+--------+--------+--------+--------+-----+--------+

Top non-repeatable levels by time:
    D:10: 1835 daAuts
  Lair:1: 1441 daAuts
     D:1: 1367 daAuts
    D:11: 1246 daAuts
     D:4: 1241 daAuts
     D:3: 1213 daAuts
  Lair:2: 1102 daAuts
     D:9: 1098 daAuts
     D:5: 964 daAuts
     D:2: 940 daAuts
     D:8: 938 daAuts
     D:7: 931 daAuts
     D:6: 635 daAuts
  Temple: 283 daAuts
  Lair:3: 187 daAuts
